 Dungeon Crawl Stone Soup version 0.29.1-15-g9cfb28693d (webtiles) character file.

Game seed: 17610431387981357768

122 KyoPewz the Poker (level 5, -2/38 HPs)
             Began as a Merfolk Gladiator on Mar 22, 2023.
             Slain by an orc warrior
             ... wielding a +0 broad axe
              (13 damage)
             ... on level 4 of the Dungeon.
             The game lasted 00:14:35 (3291 turns).

KyoPewz the Poker (Merfolk Gladiator)               Turns: 3291, Time: 00:14:35

Health: -2/38      AC:  6    Str: 16    XL:     5   Next: 6%
Magic:  5/5        EV: 12    Int:  8    God:
Gold:   129        SH:  0    Dex: 15    Spells: 4/4 levels left

rFire   . . .      SeeInvis .   a - +0 trident
rCold   . . .      Faith    .   (no shield)
rNeg    . . .      Spirit   .   q - +0 ring mail
rPois   .          Reflect  .   c - +0 helmet
rElec   .          Harm     .   (no cloak)
rCorr   .          Rampage  .   (no gloves)
Will    .....                   (no boots)
Stlth   +.........              (no amulet)
HPRegen 0.12/turn               (no ring)
MPRegen 0.09/turn               (no ring)

@: invisible
A: (nimble swimmer 2), mertail
a: no special abilities


You were on level 4 of the Dungeon.
You visited 1 branch of the dungeon, and saw 5 of its levels.

You collected 129 gold pieces.

Inventory:

Hand Weapons
 a - a +0 trident (weapon)
 w - a +0 dagger of venom
Missiles
 d - 3 throwing nets (quivered)
 e - a javelin
 h - 38 stones
 s - 11 boomerangs
Armour
 b - a +0 leather armour
 c - a +0 helmet (worn)
 n - a +0 chain mail
 q - a +0 ring mail (worn)
 y - a +0 helmet
Jewellery
 u - a +6 ring of intelligence
Scrolls
 f - 2 scrolls of silence {unknown}
 i - a scroll of torment {unknown}
 j - 3 scrolls of fear {unknown}
 k - 8 scrolls of identify {unknown}
 l - 3 scrolls of teleportation {unknown}
 p - a scroll of vulnerability {unknown}
 r - 2 scrolls of magic mapping {unknown}
 t - a scroll of summoning {unknown}
Potions
 g - a potion of curing {unknown}
 m - a potion of lignification {unknown}
 v - a potion of magic {unknown}


   Skills:
 - Level 2.1 Fighting
 + Level 7.4 Polearms
 - Level 2.0 Throwing
 - Level 4.0 Dodging


You had 4 spell levels left.
You didn't know any spells.
Your spell library contained the following spells:

 Spells                   Type           Power      Damage    Failure   Level
 Slow                     Hex            0%         N/A       63%         1
 Summon Small Mammal      Summ           0%         N/A       63%         1
 Call Canine Familiar     Summ           0%         N/A       94%         3
 Confusing Touch          Hex            0%         N/A       94%         3
 Dazzling Flash           Conj/Hex       0%         N/A       94%         3
 Summon Guardian Golem    Hex/Summ       0%         N/A       94%         3
 Vampiric Draining        Necr           0%         2d6       94%         3
 Iskenderun's Mystic Bla  Conj/Tloc      0%         2d3       100%        4
 Starburst                Conj/Fire      0%         6d3       100%        6


Dungeon Overview and Level Annotations

Branches:
Dungeon (5/15)
 Temple: D:4-7

Altars:
Uskayaw


Innate Abilities, Weirdness & Mutations

((You are very nimble when in or above water. (Stealth+, EV+, Speed+++)))
Your lower body shifts to a powerful aquatic tail in water.


Message History

The hound bites the bush but does no damage.
The hound bites the bush but does no damage.
Press: ? - help, v - describe, . - travel
Here: a hound The floor.
Unknown command.
Press: ? - help, v - describe, . - travel
Here: a hound The floor.
The hound attacks as you move away! The hound bites you.
You take 1 damage, and have 21/38 hp.
Unknown command.
The hound attacks as you move away! The hound bites you but does no damage.
The hound bites you.
You take 4 damage, and have 17/38 hp.
The hound closely misses you. The hound attacks as you move away!
The hound completely misses you. The hound bites you but does no damage.
The hound attacks as you move away! The hound bites you.
There is a stone staircase leading down here.
You take 1 damage, and have 17/38 hp.
You can't go up here!
The hound barely misses you. The hound bites you.
You climb downwards.
The orc shouts! x2; The orc wizard shouts!
There is a stone staircase leading up here.
You take 3 damage, and have 14/38 hp.
You fade into invisibility!
The hound bites you but does no damage. The adder closely misses you.
The hound bites you. The adder misses you. The white imp gestures at you.
The puff of frost hits the hound!
The hound bites you.
* * * LOW HITPOINT WARNING * * *
The orc closely misses you.
You climb upwards.
The orc wizard mumbles some strange words.
The orc wizard flickers and vanishes!
Deactivating autopickup; reactivate with Ctrl-A.
The orc warrior hits you with a +0 broad axe!
You die...

##......## ########
#.......#
##......####......#
#........# #......#
#........####.....#
##.........###o...##
#..........##.#...#
#....o......#.##..#
#....@......#.# ..#
#...oSh..o...## ###
#...........{#
#............##
#..............#
#..............#
##.............##
#..........)...#
#...........###


You could see an orc warrior (unable to see you), a hound, an orc priest (unable
to see you), an adder (unable to see you) and an orc (unable to see you).

Vanquished Creatures
  Robin (D:4)
  3 adders
  A worm (D:3)
  A dart slug (D:3)
  2 orcs
  2 ball pythons (D:1)
  6 endoplasms
  19 goblins
  7 hobgoblins
  3 jackals (D:3)
  9 bats
  A frilled lizard (D:1)
  7 kobolds
  8 rats
70 creatures vanquished.

Notes
Turn   | Place    | Note
-------+----------+-------------------------------------------
     0 | D:1      | KyoPewz the Merfolk Gladiator began the quest for the Orb.
     0 | D:1      | Reached XP level 1. HP: 16/16 MP: 1/1
   154 | D:1      | Reached XP level 2. HP: 13/22 MP: 2/2
   392 | D:1      | Reached skill level 5 in Polearms
   781 | D:2      | Reached XP level 3. HP: 27/27 MP: 3/3
  1330 | D:2      | Reached skill level 6 in Polearms
  1371 | D:2      | Found a faded altar of an unknown god.
  1919 | D:3      | Reached XP level 4. HP: 29/33 MP: 4/4
  2643 | D:4      | Noticed a black bear
  2824 | D:4      | Reached skill level 7 in Polearms
  2879 | D:4      | Noticed Robin
  2907 | D:4      | Killed Robin
  2912 | D:4      | Reached XP level 5. HP: 17/38 MP: 5/5
  3194 | D:4      | Found a hide-covered altar of Uskayaw.
  3227 | D:4      | Noticed an orc warrior
  3288 | D:5      | Entered Level 5 of the Dungeon
  3291 | D:4      | Slain by an orc warrior

Illustrated notes

Levels and vault maps discovered:
D:1:      sevenhm_arrival_forest_fort_large_1, layout_rooms
D:2:      layout_basic, shapermc_ecumenical_altar_notcrosses
D:3:      layout_basic, chequers_serial_rivers_micro_e, grunt_ministairs_10,
          chequers_decorated_corner, supply_closet_lemuel, minmay_distorted
D:4:      layout_cave_pods, mainiacjoe_overflow_boulevard,
          mainiacjoe_overflow_surrounded_room, minmay_fractal_squares_gapless_5,
          uniq_robin
D:5:      layout_layer_cave, nicolae_tso_carved_into_rock, temple_statues

Skill      XL: |  1  2  3  4 |
---------------+-------------+-----
Polearms       | 5 6 7 |  7.4
Fighting       | |  2.1
Throwing       | |  2.0
Dodging        | |  4.0

Action                   |  1- 3 |  4- 6 || total
-------------------------+-------+-------++-------
Melee: Trident           |   132 |    96 ||   228
       Punch             |     1 |       ||     1
  Use: Potion            |       |     1 ||     1
 Stab: Sleeping          |     2 |     1 ||     3
Armor: Leather armour    |    26 |     5 ||    31
       Ring mail         |       |    12 ||    12
Dodge: Dodged            |    62 |    39 ||   101
